 Dungeon Crawl Stone Soup version 0.31.0 (webtiles) character file.

Game seed: 7358075522859914835

78 Strat the Chopper (level 4, -7/35 HPs)
             Began as a Minotaur Fighter on Jan 19, 2024.
             Was a Follower of Hepliaklqana.
             Killed by divine providence
             ... invoked by an orc priest
              (14 damage)
             ... on level 3 of the Dungeon.
             The game lasted 00:03:38 (1487 turns).

Strat the Chopper (Minotaur Fighter)                Turns: 1487, Time: 00:03:38

Health: -7/35      AC:  9    Str: 22    XL:     4   Next: 15%
Magic:  3/3        EV:  8    Int:  5    God:    Hepliaklqana [*.....]
Gold:   79         SH:  4    Dex: 10    Spells: 3/3 levels left

rFire   . . .        a - +0 war axe
rCold   . . .        c - +0 buckler
rNeg    . . .        j - +0 chain mail
rPois   .            (helmet restricted)
rElec   .            (no cloak)
rCorr   .            (no gloves)
SInv    .            (no boots)
Will    .....        (no amulet) Stlth
                     (no ring)
HPRegen 0.25/turn    (no ring)
MPRegen 0.08/turn

%: no passive effects
@: no status effects
A: reduced essence, horns 2, retaliatory headbutt
a: Renounce Religion, Recall Ancestor, Ancestor Identity


You were on level 3 of the Dungeon.
You worshipped Hepliaklqana.
Hepliaklqana was aware of your devotion.
You visited 1 branch of the dungeon, and saw 3 of its levels.

You collected 79 gold pieces.

Inventory:

Hand Weapons
 a - a +0 war axe (weapon)
Armour
 b - a +0 scale mail
 c - a +0 buckler (worn)
 j - a +0 chain mail (worn)
Jewellery
 n - the ring "Xeeles" {rPois rC- MP+9 Int+4}
   (You found it on level 2 of the Dungeon)

   [ring of magical power]

   Int+4:     It affects your intelligence (+4).
   rC-:       It makes you vulnerable to cold.
   rPois:     It protects you from poison MP+9: It affects your magic capacity
   (+9).
Scrolls
 f - a scroll of enchant armour {unknown}
 g - a scroll of identify {unknown}
 h - a scroll of poison {unknown}
 i - a scroll of fog {unknown}
 k - a scroll of amnesia {unknown}
 l - a scroll of enchant weapon {unknown}
Potions
 d - a potion of might
 e - 2 potions of heal wounds {unknown}
 m - a potion of brilliance {unknown}
 o - a potion of berserk rage {unknown}


   Skills:
 - Level 3.6 Fighting
 + Level 5.4 Axes
 - Level 3.6 Armour
 - Level 3.6 Shields


You had 3 spell levels left.
You didn't know any spells.
Your spell library contained the following spells:

 Spells                   Type           Power      Damage    Failure   Level
 Shock                    Conj/Air       0%         1d3       99%         1
 Ensorcelled Hibernation  Hex/Ice        0%         N/A       99%         2
 Passwall                 Erth           0%         N/A       100%        3
 Swiftness                Air            0%         N/A       100%        3
 Airstrike                Air            0%         2d(0-16)  100%        4
 Manifold Assault         Tloc           0%         N/A       100%        4
 Dispersal                Tloc           0%         N/A       100%        6
 Disjunction              Tloc           0%         N/A       100%        8


Dungeon Overview and Level Annotations

Branches:
Dungeon (3/15)

Altars:
Hepliaklqana


Innate Abilities, Weirdness & Mutations

Your life essence is reduced to manifest your ancestor. (-10% HP)
You have a pair of horns on your head.
You reflexively headbutt those who attack you in melee.


Message History

* * * LOW HITPOINT WARNING * * *
Sagil-Zimu hits the goblin.
The goblin dies!
You start resting.
An orc priest is nearby!
The orc priest hits Sagil-Zimu with a +0 dagger.
Sagil-Zimu hits the orc priest.
You swap places.
The orc priest hits you but does no damage.
You slash the orc priest!
The orc priest is almost dead.
The orc priest hits you with a +0 dagger.
* * * LOW HITPOINT WARNING * * *
You closely miss the orc priest.
The orc priest is almost dead.
The orc priest hits you but does no damage.
The orc priest mumbles some strange prayers to Beogh against you.
Beogh smites you!
* * * LOW HITPOINT WARNING * * *
You closely miss the orc priest.
The orc priest is almost dead.
The orc priest hits you with a +0 dagger.
* * * LOW HITPOINT WARNING * * *
Unknown command.
You hit the orc priest but do no damage.
The orc priest is almost dead.
The orc priest hits you but does no damage.
You hit the orc priest.
The orc priest is almost dead.
The orc priest hits you with a +0 dagger.
* * * LOW HITPOINT WARNING * * *
You block the orc priest's attack.
You closely miss the orc priest.
The orc priest is almost dead.
The orc priest hits you but does no damage.
You closely miss the orc priest.
The orc priest is almost dead.
The orc priest mumbles some strange prayers to Beogh against you.
Beogh smites you!
You die...

#..##........######
#...#>##.##.......#
#...#.##.##.......#
#........##.......##
....#.#######........##
####...# #.........####
#...# #.............
#...# #...R.....####
#...# ####@#.#####
#...# #.o.)....
####...#### #.#.##...
.....r..o.. #.#.# ...
...<.ooo... ..#.. ..
....o...... .....## .
####...#### .##.#.#
...# #. #.. ...# # ##.


You could see the friendly Sagil-Zimu the ancestor and an orc priest (ally
target).

Vanquished Creatures
  2 adders (D:2)
  A dart slug (D:1)
  An orc (D:3)
  6 endoplasms
  3 giant cockroaches (D:1)
  2 hobgoblins (D:2)
  3 kobolds
  4 quokkas
  7 ball pythons
  9 bats
  2 frilled lizards
  5 goblins
  5 rats
50 creatures vanquished.

Vanquished Creatures (collateral kills)
  A goblin (D:3)
1 creature vanquished.

Grand Total: 51 creatures vanquished

Notes
Turn   | Place    | Note
-------+----------+-------------------------------------------
     0 | D:1      | Strat the Minotaur Fighter began the quest for the Orb.
     0 | D:1      | Reached XP level 1. HP: 19/19 MP: 0/0
    48 | D:1      | Reached skill level 3 in Axes
    96 | D:1      | Reached XP level 2. HP: 26/26 MP: 1/1
   213 | D:1      | Reached skill level 4 in Axes
   315 | D:1      | Reached XP level 3. HP: 30/31 MP: 2/2
   576 | D:2      | Found a hazy altar of Hepliaklqana.
   589 | D:2      | Became a worshipper of Hepliaklqana the Forgotten
   701 | D:2      | Reached skill level 5 in Axes
   763 | D:2      | Reached XP level 4. HP: 29/39 MP: 3/3
   886 | D:2      | Identified the ring "Xeeles" {rPois rC- MP+9 Int+4}
   925 | D:2      | Identified the +3 leather armour "Zanyxtill" {rCorr Int+3}
  1324 | D:3      | Reached * piety under Hepliaklqana
  1487 | D:3      | Killed from afar by an orc priest

Illustrated notes

Levels and vault maps discovered:
D:1:      wander_arrival_desolate, layout_basic
D:2:      layout_loops_ring, basic_altar
D:3:      layout_loops_cross, old_standard_altar, serial_shops, shop

Skill      XL: |  1  2  3 |
---------------+----------+-----
Axes           | 3 4 5 |  5.4
Fighting       | |  3.6
Armour         | |  3.6
Shields        | |  3.6

Action                     |  1- 3 |  4- 6 || total
---------------------------+-------+-------++-------
  Melee: War axe           |    82 |    17 ||    99
         Headbutt          |     8 |     1 ||     9
 Armour: Scale mail        |    26 |       ||    26
         Chain mail        |    28 |    12 ||    40
  Dodge: Dodged            |    44 |     4 ||    48
  Block: Buckler           |    19 |     4 ||    23
